 Dungeon Crawl Stone Soup version 0.20-a0-820-g557356e (webtiles) character file.

42755 George the Fencer (level 13, 0/117 HPs)
             Began as a Minotaur Fighter on Mar 4, 2017.
             Was a High Priest of Wu Jian.
             Splashed by an oklob plant's acid (4 damage)
             ... on level 6 of the Lair of Beasts.
             The game lasted 00:41:33 (16591 turns).

George the Fencer (Minotaur Fighter)               Turns: 16591, Time: 00:41:34

Health: 0/117      AC:  8    Str: 20    XL:     13   Next: 87%
Magic:  12/12      EV: 21    Int:  3    God:    Wu Jian [*****.]
Gold:   1684       SH:  0    Dex: 22    Spells: 12/12 levels left

rFire    + . .     SeeInvis .   u - +7 great sword of Charity {venom, +Blink rF+}
rCold    . . .     Gourm    +   L - +5 scale mail of Thoughtfulness {rPois Str-3 Int-2 Dex+9}
rNeg     . . .     Faith    .   (shield currently unavailable)
rPois    +         Spirit   .   Z - +0 hat
rElec    .         Reflect  .   b - +1 cloak
rCorr    +         Harm     .   Q - +0 pair of gloves
MR       .....                  M - +1 pair of boots
Stlth    ..........             U - amulet of the gourmand
Regen    0.3/turn               a - ring of resist corrosion
MPRegen  0.2/turn               S - +3 ring of evasion

@: corroded
A: retaliatory headbutt, horns 2
a: Serpent's Lash, Heaven On Earth, Renounce Religion, Evoke Blink


You were on level 6 of the Lair of Beasts.
You worshipped Wu Jian.
Wu Jian was extremely pleased with you.
You were completely stuffed.

You visited 3 branches of the dungeon, and saw 19 of its levels.
You also visited: Sewer and Ice Cave.

You collected 1684 gold pieces.

Inventory:

Hand Weapons
 t - a +2 scimitar of flaming
 u - the +7 great sword of Charity (weapon) {venom, +Blink rF+}
   (You found it on level 4 of the Lair of Beasts)

   It poisons the flesh of those it strikes.
   It protects you from fire.
   It lets you blink.
Armour
 b - a +1 cloak (worn)
 c - a +0 shield
 L - the +5 scale mail of Thoughtfulness (worn) {rPois Str-3 Int-2 Dex+9}
   (You found it on level 7 of the Dungeon)

   It affects your strength (-3).
   It affects your intelligence (-2).
   It affects your dexterity (+9).
   It protects you from poison.
 M - a +1 pair of boots (worn)
 Q - a +0 pair of gloves (worn)
 Z - a +0 hat (worn)
Jewellery
 a - a ring of resist corrosion (right hand)
 g - the ring "Naleixaf" {Fire MR++}
   (You found it in an ice cave)

   [ring of fire]

   It enhances your fire magic.
   It protects you from fire.
   It makes you vulnerable to cold.
   It affects your resistance to hostile enchantments.
 p - an uncursed ring of see invisible
 q - an uncursed ring of flight
 F - an uncursed ring of protection from cold
 J - an uncursed ring of protection from cold
 S - a +3 ring of evasion (left hand)
 U - an amulet of the gourmand (around neck)
 V - an uncursed ring of positive energy
Wands
 G - a wand of confusion (39/48)
 N - a wand of digging (15/24)
 X - a wand of confusion (11/48)
Scrolls
 k - 14 scrolls of teleportation
 l - 8 scrolls of remove curse
 m - 3 scrolls of fear
 o - 3 scrolls of amnesia {unknown}
 s - 4 scrolls of immolation {unknown}
 y - 5 scrolls of enchant weapon
 z - 5 scrolls of enchant armour {unknown}
 A - 2 scrolls of blinking {unknown}
 B - 2 scrolls of random uselessness {unknown}
 C - 2 scrolls of recharging {unknown}
 D - 2 scrolls of fog {unknown}
 E - 5 scrolls of noise {unknown}
 O - 2 scrolls of magic mapping
 P - a scroll of silence {unknown}
 T - a scroll of vulnerability {unknown}
Potions
 d - 3 potions of might
 e - 4 potions of mutation
 r - 8 potions of heal wounds
 v - 3 potions of curing
 w - 7 potions of magic
 x - 3 potions of haste
 H - 2 potions of invisibility
 K - 4 potions of ambrosia
 R - a potion of agility
 Y - a potion of lignification {unknown}
Miscellaneous
 W - a sack of spiders
Comestibles
 f - 14 bread rations
 i - 7 royal jellies
 j - 10 meat rations
 n - 10 fruits


   Skills:
 + Level 11.7 Fighting
 + Level 17.8 Long Blades
 + Level 11.5 Armour
 + Level 10.3 Dodging
 - Level 11.3 Shields


You had 12 spell levels left.
You didn't know any spells.

Dungeon Overview and Level Annotations

Branches:
Dungeon (12/15)            Temple (1/1) D:7            Lair (6/6) D:8
 Shoals (0/4) Lair:2        Snake (0/4) Lair:3        Slime (0/5) Lair:5
    Orc (0/2) D:9

Altars:
Ashenzari
Cheibriados
Dithmenos
Elyvilon
Fedhas
Gozag
Hepliaklqana
Kikubaaqudgha
Makhleb
Nemelex Xobeh
Okawaru
Qazlal
Ru
Sif Muna
Trog
Uskayaw
Vehumet
Wu Jian
Xom
Yredelemnul
Zin
The Shining One
Jiyva

Shops:
D:8 %

Annotations:
Lair:5 1 runed door
Lair:6 exclusion: oklob plant


Innate Abilities, Weirdness & Mutations

You reflexively headbutt those who attack you in melee.
You have a pair of horns on your head.


Message History

You see here a scroll of remove curse.
You spin and attack the oklob plant.
You slash the oklob plant!
You headbutt the oklob plant, but do no damage.
The oklob plant is almost destroyed.
The oklob plant spits acid at you. The splash of acid hits you!
The acid corrodes you!
You are splashed with acid!
The acid burns!
You resist.
* * * LOW HITPOINT WARNING * * *
You spin and attack the oklob plant.
You hit the oklob plant but do no damage.
The oklob plant is almost destroyed.
You spin and attack the oklob plant.
You hit the oklob plant but do no damage.
You headbutt the oklob plant, but do no damage.
The oklob plant is almost destroyed.
The oklob plant spits acid at you. The splash of acid hits you! You resist.
* * * LOW HITPOINT WARNING * * *
You are splashed with acid!
The acid burns!
You resist.
You die...

####### #$.?.)# #?P@$.#
#$....# ##### #..$..#
####...# ##
#.(.?.###P.....#..##
##P#PPPP†#........#.P.#
#.........###..........
..#......####..........
.........###...........
.........#.....<.......


You could see an oklob plant.

Vanquished Creatures
  Gastronok (Lair:3)
  2 ice dragons (IceCv)
  4 hydras
  Erica (Lair:1)
  A catoblepas (Lair:2)
  A death knight (D:11)
  5 two-headed ogres
  The ghost of pisechka the Cleaver, a novice MiBe of Trog (D:5)
  3 oklob plants (Lair:6)
  2 ugly things
  A deep elf mage (D:12)
  A cyclops (D:12)
  A manticore (D:12)
  4 elephants (Lair:3)
  2 ice statues (IceCv)
  2 black mambas (Lair:4)
  7 spiny frogs
  4 komodo dragons
  A kobold demonologist (D:12)
  2 ice devils (Lair:1)
  2 rime drakes (IceCv)
  3 trolls (D:12)
  2 polar bears (Lair:4)
  A hornet (D:9)
  18 blink frogs
  10 dream sheep
  4 hippogriffs
  5 wyverns
  Eustachio (D:4)
  A wraith (D:10)
  8 yaks
  3 basilisks
  4 vampire mosquitoes (Lair:1)
  An insubstantial wisp (Lair:1)
  Edmund (D:5)
  4 nagas (Lair:3)
  An acid dragon (D:11)
  9 water moccasins
  7 porcupines
  A swamp drake (Lair:1)
  2 sky beasts
  19 ice beasts
  8 orc warriors
  2 eyes of draining
  A black bear (Lair:2)
  5 ogres
  4 phantoms
  A necrophage (D:9)
  10 centaurs
  4 crocodiles
  12 bullfrogs
  2 big kobolds (D:4)
  A gnoll sergeant (D:11)
  A wyvern skeleton (D:11)
  5 scorpions
  8 wights
  8 killer bees
  3 howler monkeys
  A bullfrog zombie (D:12)
  3 crimson imps
  3 jellies
  4 hounds
  Crazy Yiuf (D:5)
  9 orc priests
  7 orc wizards
  A centaur skeleton (D:9)
  Ijyb (D:2)
  Jessica (D:2)
  4 bullfrog skeletons
  7 iguanas
  Natasha (thrice) (D:2)
  10 worker ants
  A killer bee zombie (D:7)
  A worker ant zombie (D:5)
  A howler monkey zombie (D:11)
  Robin (D:2)
  11 gnolls
  14 adders
  A howler monkey skeleton (D:11)
  7 river rats (Sewer)
  An ooze (D:3)
  An adder skeleton (D:6)
  A worm (D:5)
  2 dart slugs
  8 leopard geckos
  55 orcs
  8 bats
  5 giant cockroaches
  16 goblins
  10 hobgoblins
  6 jackals
  4 quokkas
  5 ball pythons
  12 frilled lizards
  A jackal skeleton (D:5)
  12 kobolds
  A leopard gecko zombie (D:3)
  18 rats
  2 plants
488 creatures vanquished.

Vanquished Creatures (others)
  A fungus (Lair:3)
1 creature vanquished.

Grand Total: 489 creatures vanquished

Notes
Turn   | Place    | Note
-------+----------+-------------------------------------------
     0 | D:1      | George the Minotaur Fighter began the quest for the Orb.
     0 | D:1      | Reached XP level 1. HP: 19/19 MP: 0/0
   143 | D:1      | Reached skill level 3 in Long Blades
   178 | D:1      | Reached XP level 2. HP: 26/26 MP: 1/1
   825 | D:2      | Reached skill level 4 in Long Blades
   825 | D:2      | Reached XP level 3. HP: 29/31 MP: 2/2
   832 | D:2      | Noticed Ijyb
   846 | D:2      | Killed Ijyb
   846 | D:2      | Reached skill level 5 in Long Blades
   898 | D:2      | Noticed Natasha
   902 | D:2      | Killed Natasha
   902 | D:2      | Reached XP level 4. HP: 21/39 MP: 3/3
   960 | D:2      | Noticed Natasha
   962 | D:2      | Killed Natasha
   962 | D:2      | Reached skill level 6 in Long Blades
  1205 | D:2      | Found a hazy altar of Hepliaklqana.
  1255 | D:2      | Noticed Robin
  1288 | D:2      | Killed Robin
  1288 | D:2      | Reached XP level 5. HP: 36/45 MP: 4/4
  1376 | D:2      | Noticed Jessica
  1388 | D:2      | Killed Jessica
  1426 | D:2      | Noticed Natasha
  1437 | D:2      | Killed Natasha
  1437 | D:2      | Reached skill level 7 in Long Blades
  2483 | D:4      | Reached XP level 6. HP: 45/51 MP: 5/5
  2493 | D:4      | Reached skill level 8 in Long Blades
  2670 | D:4      | Reached skill level 9 in Long Blades
  2683 | D:4      | Noticed Eustachio
  2686 | D:4      | Reached XP level 7. HP: 19/57 MP: 6/6
  2924 | D:4      | Killed Eustachio
  2985 | D:4      | Reached skill level 10 in Long Blades
  3365 | D:5      | Entered Level 5 of the Dungeon
  3366 | D:5      | Found a sparkling altar of Nemelex Xobeh.
  3409 | D:5      | Reached skill level 11 in Long Blades
  3409 | D:5      | Reached XP level 8. HP: 41/64 MP: 7/7
  3447 | D:5      | Noticed Edmund
  3457 | D:5      | Killed Edmund
  3489 | D:5      | Found a glowing drain.
  3509 | Sewer    | Entered a sewer
  3691 | Sewer    | Reached skill level 12 in Long Blades
  4675 | D:5      | Reached skill level 13 in Long Blades
  4905 | D:5      | Noticed pisechka's ghost (novice MiBe)
  4946 | D:5      | Killed pisechka's ghost
  4946 | D:5      | Reached skill level 14 in Long Blades
  4946 | D:5      | Reached XP level 9. HP: 25/70 MP: 8/8
  5237 | D:5      | Found a runed door.
  5418 | D:5      | Noticed Crazy Yiuf
  5423 | D:5      | Killed Crazy Yiuf
  5966 | D:7      | Got a shimmering scale mail
  5977 | D:7      | Identified the +5 scale mail of Thoughtfulness {rPois Str-3 Int-2 Dex+9} (You found it on level 7 of the Dungeon)
  6029 | D:7      | Found a staircase to the Ecumenical Temple.
  6035 | Temple   | Entered the Ecumenical Temple
  6040 | Temple   | Became a worshipper of the Wu Jian Council
  6100 | D:7      | Reached skill level 15 in Long Blades
  6308 | D:7      | Reached skill level 1 in Dodging
  6967 | D:8      | Found Imaob's Food Boutique.
  7005 | D:8      | Noticed a two-headed ogre
  7034 | D:8      | Killed a two-headed ogre
  7034 | D:8      | Reached skill level 5 in Armour
  7034 | D:8      | Reached XP level 10. HP: 30/80 MP: 9/9
  7041 | D:8      | Reached * piety under Wu Jian
  7041 | D:8      | Reached skill level 5 in Fighting
  7041 | D:8      | Reached skill level 5 in Shields
  7490 | D:8      | Found a burning altar of Makhleb.
  7632 | D:8      | Found a radiant altar of Vehumet.
  7664 | D:8      | Found a staircase to the Lair.
  7752 | D:8      | Found a shadowy altar of Dithmenos.
  7752 | D:8      | Found a shimmering altar of Xom.
  7900 | D:8      | Reached ** piety under Wu Jian
  8144 | D:9      | Noticed a two-headed ogre
  8159 | D:9      | Killed a two-headed ogre
  8282 | D:9      | Found a sacrificial altar of Ru.
  8294 | D:9      | Noticed an angel
  8295 | D:9      | Found a glowing silver altar of Zin.
  8437 | D:9      | Noticed a two-headed ogre
  8449 | D:9      | Killed a two-headed ogre
  8449 | D:9      | Reached skill level 5 in Dodging
  8713 | D:9      | Found a staircase to the Orcish Mines.
  8757 | D:9      | Reached XP level 11. HP: 85/91 MP: 10/10
  8769 | D:10     | Entered Level 10 of the Dungeon
  9087 | D:10     | Noticed a two-headed ogre
  9093 | D:10     | Killed a two-headed ogre
  9341 | D:11     | Reached *** piety under Wu Jian
  9441 | D:11     | Reached skill level 16 in Long Blades
  9522 | D:11     | Noticed a cyan ugly thing
  9529 | D:11     | Killed a cyan ugly thing
  9821 | D:11     | Noticed a death knight
  9835 | D:11     | Killed a death knight
 10160 | D:11     | Noticed a two-headed ogre
 10170 | D:11     | Killed a two-headed ogre
 10405 | D:12     | Noticed a deep elf mage
 10414 | D:12     | Killed a deep elf mage
 10467 | D:12     | Noticed a purple ugly thing
 10483 | D:12     | Killed a purple ugly thing
 10496 | D:12     | Reached **** piety under Wu Jian
 10859 | D:12     | Found an iron altar of Okawaru.
 10981 | D:12     | Reached XP level 12. HP: 75/103 MP: 11/11
 11046 | D:12     | Noticed an eight-headed hydra
 11052 | D:12     | Killed an eight-headed hydra
 11410 | Lair:1   | Entered Level 1 of the Lair of Beasts
 11440 | Lair:1   | Found a frozen archway.
 11564 | IceCv    | Entered an ice cave
 12169 | IceCv    | Noticed an ice dragon
 12171 | IceCv    | Noticed an ice dragon
 12182 | IceCv    | Killed an ice dragon
 12187 | IceCv    | Killed an ice dragon
 12187 | IceCv    | Reached ***** piety under Wu Jian
 12539 | IceCv    | Got a shimmering bronze ring
 12541 | IceCv    | Identified the ring "Naleixaf" {Fire MR++} (You found it in an ice cave)
 12900 | Lair:1   | Noticed Erica
 12906 | Lair:1   | Killed Erica
 12906 | Lair:1   | Reached skill level 10 in Shields
 12995 | Lair:1   | Reached skill level 10 in Armour
 13242 | Lair:1   | Reached skill level 17 in Long Blades
 13458 | Lair:2   | Reached skill level 10 in Fighting
 13501 | Lair:2   | Noticed a six-headed hydra
 13505 | Lair:2   | Killed a three-headed hydra
 13574 | Lair:2   | Noticed a catoblepas
 13581 | Lair:2   | Killed a catoblepas
 13603 | Lair:2   | Reached XP level 13. HP: 99/113 MP: 12/12
 13636 | Lair:2   | Found a staircase to the Shoals.
 14153 | Lair:3   | Found a staircase to the Snake Pit.
 14307 | Lair:3   | Noticed Gastronok
 14326 | Lair:3   | Killed Gastronok
 15209 | Lair:4   | Got a translucent great sword
 15215 | Lair:4   | Identified the +7 great sword of Charity {venom, +Blink rF+} (You found it on level 4 of the Lair of Beasts)
 15998 | Lair:5   | Reached skill level 10 in Dodging
 16180 | Lair:5   | Found a runed door.
 16182 | Lair:5   | Found a viscous altar of Jiyva.
 16399 | Lair:5   | Noticed an azure jelly
 16400 | Lair:5   | Noticed an azure jelly
 16406 | Lair:5   | Noticed an azure jelly
 16407 | Lair:5   | Found a staircase to the Slime Pits.
 16550 | Lair:6   | Entered Level 6 of the Lair of Beasts
 16591 | Lair:6   | HP: 4/117 [oklob plant/splash of acid (9)]
 16591 | Lair:6   | Splashed by an oklob plant's acid

Vault maps used:
D:1:      minmay_arrival_stone_box
D:2:      nicolae_overflow_hidden_temple, uniq_jessica, uniq_natasha, uniq_iyjb,
          uniq_robin
D:3:      first_bread
D:4:      cheibrodos_thug_alley, uniq_eustachio
D:5:      portal_sewer_entry_a, nemelex_xobeh_ov_fountains_minmay,
          uniq_crazy_yiuf_cottage, uniq_edmund
D:7:      nicolae_whirlpool, temple_green
D:8:      lemuel_round_altar, old_standard_altar,
          gammafunk_temple_overflow_elements, david_lair_generic, serial_shops,
          shop, special_room
D:9:      kennysheep_spiral_hall, kennysheep_mini, zin_angel, orc_0_dummy
D:12:     basic_altar, serial_glass, glass_columns_a, glass_columns_a
Temple:   minmay_freezing_vapour_temple
Lair:1:   portal_ice_cave_demonic_guard, pond, uniq_erica
Lair:2:   shoals_dummy_entry
Lair:3:   minmay_snake_entry_guardpost_small, serial_forest,
          infiniplex_forest_clump_cross, infiniplex_forest_join,
          infiniplex_forest_clump_diagonal, infiniplex_forest_end_3,
          infiniplex_forest_clump_small, infiniplex_forest_clump_double,
          infiniplex_forest_end_1, infiniplex_forest_straight_2, uniq_gastronok
Lair:4:   minivault_27, lemuel_old_faithful, lemuel_fruit_tree
Lair:5:   slime_altar_2
Lair:6:   due_jungle_book, minmay_lair_oklob_chamber
Sewer:    sewer_co_cracked_pipes
IceCv:    ice_cave_small_dragons

Skill      XL: |  1  2  3  4  5  6  7  8  9 10 11 12 13 |
---------------+----------------------------------------+-----
Long Blades    | 3 4 5 6 7 9 11 14 15 16 17 | 17.8
Dodging        | 2 5 7 8 10 | 10.3
Armour         | 5 7 8 10 11 | 11.5
Shields        | 4 6 8 10 11 | 11.3
Fighting       | 4 6 8 10 11 | 11.7

Action                   |  1- 3 |  4- 6 |  7- 9 | 10-12 | 13-15 || total
-------------------------+-------+-------+-------+-------+-------++-------
Melee: Long sword        |    68 |   189 |   428 |   568 |       ||  1253
       Headbutt          |     6 |    36 |   100 |   274 |    89 ||   505
       Unarmed           |       |       |     4 |       |       ||     4
       Scimitar          |       |       |       |   307 |   162 ||   469
       Short sword       |       |       |       |     7 |       ||     7
       Great sword       |       |       |       |       |    93 ||    93
Throw: Throwing net      |     2 |       |       |       |       ||     2
Evoke: Wand              |       |       |     6 |       |       ||     6
  Use: Scroll            |       |       |    11 |     7 |     1 ||    19
 Stab: Held in net/web   |     1 |       |       |       |       ||     1
       Distracted        |       |       |     1 |       |       ||     1
       Confused          |       |       |     2 |       |       ||     2
  Eat: Chunk             |       |     6 |    12 |    31 |    10 ||    59
       Royal jelly       |       |       |     1 |       |       ||     1
Armor: Scale mail        |    36 |     1 |    36 |   147 |    23 ||   243
       Chain mail        |       |   102 |    20 |       |       ||   122
       Plate armour      |       |       |    71 |       |       ||    71
Dodge: Dodged            |    25 |    50 |    83 |   246 |    83 ||   487
Block: Shield            |    44 |   108 |   174 |   280 |    52 ||   658
       Rpst.: Long sword |     9 |    21 |    19 |    41 |       ||    90
       Scimitar          |       |       |       |    19 |    12 ||    31
       Great sword       |       |       |       |       |    13 ||    13
